 Dungeon Crawl Stone Soup version 0.17-a0-2024-gc284f19 (webtiles) character file.

102 Gargoyl the Skirmisher (level 4, -1/37 HPs)
             Began as a Demonspawn Abyssal Knight on Oct 10, 2015.
             Was a Believer of Lugonu.
             Slain by Sigmund
             ... wielding a +0 scythe
              (3 damage)
             ... on level 2 of the Dungeon.
             The game lasted 00:06:33 (2596 turns).

Gargoyl the Skirmisher (Demonspawn Abyssal Knight)  Turns: 2596, Time: 00:06:33

Health: -1/37      AC: 11    Str: 14    XL:     4   Next: 50%
Magic:  6/6        EV:  9    Int: 18    God:    Lugonu [**....]
Gold:   236        SH:  2    Dex: 12    Spells: 0 memorised, 3 levels left

rFire  + . .     SeeInvis .     a - +1 hand axe
rCold  + . .     Clarity  .     h - +0 scale mail
rNeg   . . .     SustAt   .     (no shield)
rPois  +         Gourm    .     (no helmet)
rElec  +         Spirit   .     j - +0 cloak
rCorr  +         Warding  .     (no gloves)
rMut   .         Stasis   .     (no boots)
MR     .....                    (no amulet)
Stlth  +.........               (no ring)
                                e - +2 ring of protection

@: brilliant, resistant, not resistant to hostile enchantments, very unstealthy
A: large bone plates 1, nightstalker 1
a: Depart the Abyss, Bend Space, Renounce Religion


You were on level 2 of the Dungeon.
You worshipped Lugonu.
Lugonu was pleased with you.
You were not hungry.

You visited 1 branch of the dungeon, and saw 2 of its levels.
You visited the Abyss 1 time.

You collected 236 gold pieces.

Inventory:

Hand Weapons
 a - a +1 hand axe (weapon)
 b - a +0 mace
Armour
 h - a +0 scale mail (worn)
 j - a +0 cloak (worn)
Jewellery
 e - a +2 ring of protection (left hand)
Scrolls
 d - a scroll of amnesia {unknown}
 g - a scroll of recharging {unknown}
 k - a scroll of remove curse {unknown}
 l - a scroll of magic mapping {unknown}
 m - a scroll of enchant weapon {unknown}
 n - a scroll of fear {unknown}
 q - a scroll of fog {unknown}
 t - a scroll of identify {unknown}
 v - a scroll of immolation {unknown}
Comestibles
 o - a meat ration
 p - 2 bread rations
 u - a slice of pizza


   Skills:
 + Level 4.0 Fighting
 + Level 2.6 Axes
 + Level 2.5 Armour
 + Level 1.2 Dodging
 + Level 2.9 Invocations


You had 3 spell levels left.
You didn't know any spells.

Dungeon Overview and Level Annotations

Branches:
Dungeon (2/15)

Altars:
Dithmenos
Gozag

Annotations:
D:2 Sigmund


Innate Abilities, Weirdness & Mutations

You are partially covered in large bone plates (AC +2, SH +2).
You are slightly more attuned to the shadows.


Message History

It was a potion of curing.
You feel better. Something hits you.
* * * LOW HITPOINT WARNING * * *
Drink which item? (? for menu, Esc to quit)
It was a potion of cure mutation.
It has a very clean taste.
You hear some strange, mumbled words.
A magic dart appears from out of thin air!
The magic dart hits you!
Drink which item? (? for menu, Esc to quit)
It was a potion of resistance.
You feel protected. Something hits you but does no damage.
Drink which item? (? for menu, Esc to quit)
It was a potion of brilliance.
You feel clever all of a sudden.
You hit something. Something hits you.
* * * LOW HITPOINT WARNING * * *
You hit something. Something hits you.
* * * LOW HITPOINT WARNING * * *
You barely miss something. Something hits you.
You die...

#....#
......
##.########
...... #.#
#.. .#
...... #.#
#.# .#
......
#.###.##.##
......
#(#...†...#
......
#((.......#
......
###.......#
######
#.@.....# #
#.........
#
#####......
# #...... #
..... ....


There were no monsters in sight!

Vanquished Creatures
  Ijyb (D:2)
  3 adders (D:2)
  An ooze (D:1)
  2 worms (D:2)
  A giant gecko (D:2)
  2 ball pythons
  A giant cockroach (D:1)
  8 goblins
  5 hobgoblins
  3 bats
  5 giant newts
  5 kobolds
  3 rats
  A fungus (D:1)
41 creatures vanquished.

Notes
Turn   | Place    | Note
--------------------------------------------------------------
     0 | Abyss:1  | Gargoyl the Demonspawn Abyssal Knight began the quest for the Orb.
     0 | Abyss:1  | Reached XP level 1. HP: 18/18 MP: 2/2
    92 | Abyss:1  | Noticed a starcursed mass
    95 | Abyss:2  | Found a corrupted altar of Lugonu.
   109 | Abyss:2  | Noticed an iron imp
   111 | Abyss:2  | Found a corrupted altar of Lugonu.
   153 | Abyss:2  | Noticed a wraith
   153 | D:1      | Escaped the Abyss
   449 | D:1      | Acquired Lugonu's first power
   480 | D:1      | Gained mutation: You are partially covered in large bone plates (AC +2, SH +2). [demonic ancestry]
   480 | D:1      | Reached XP level 2. HP: 24/24 MP: 3/3
  1256 | D:2      | Reached skill level 1 in Dodging
  1260 | D:2      | HP: 1/24 [worm (9)]
  1541 | D:1      | Gained mutation: You are slightly more attuned to the shadows. [demonic ancestry]
  1541 | D:1      | Reached XP level 3. HP: 27/29 MP: 5/5
  1842 | D:2      | Noticed Ijyb
  1863 | D:2      | Killed Ijyb
  1863 | D:2      | Reached XP level 4. HP: 34/37 MP: 6/6
  1982 | D:2      | Found a shadowy altar of Dithmenos.
  1982 | D:2      | Found an opulent altar of Gozag.
  2319 | D:2      | Reached skill level 4 in Fighting
  2532 | D:2      | Noticed Sigmund
  2543 | D:2      | Acquired Lugonu's second power
  2596 | D:2      | Slain by Sigmund

Vault maps used:
D:1:      lemuel_arrival_lava_pool, minmay_gold_behind_fungi
D:2:      gammafunk_temple_overflow_pools, serial_bayou_pond_e, uniq_sigmund,
          uniq_iyjb

Action                   |  1- 3 |  4- 6 || total
-------------------------+-------+-------++-------
Melee: Hand axe          |   104 |    70 ||   174
Invok: Depart the Abyss  |     1 |       ||     1
  Use: Potion            |       |     6 ||     6
  Eat: Chunk             |     2 |       ||     2
       Bread ration      |       |     1 ||     1
